Griffins vs Punishers
Created - February 10, 2020 at 00:47
Goals
|
Griffins |
1 |
1 |
3 |
0 |
0 |
5 |
Punishers |
2 |
1 |
2 |
0 |
1 |
6 |
|
Shots
|
Griffins |
8 |
22 |
17 |
1 |
3 |
48 |
Punishers |
13 |
7 |
8 |
1 |
2 |
29 |
|
1st period
1. Griffins , Ben Hanowski 9 (Dylan Larkin 25) at 5:27
2. Punishers , Radek Faksa 16 (Tyler Bertuzzi 15, Austen Brassard 7) at 8:15
3. Punishers , Carter Ashton 13 (Adam Pelech 17, Slava Voynov 33) at 11:16
Penalties :
Petter Granberg (Cap) for Hooking (Minor) at 13:35, Marcus Pettersson (Cap) for Hooking (Minor) at 17:44, Carter Ashton (Pro) for Roughing (Minor) at 18:11
2nd period
4. Griffins , Marko Dano 20 (Marcus Pettersson 11, Dylan Larkin 26) at 5:53
5. Punishers , Robbie Earl 21 (Miikka Salomaki 24, Zack Hamill 40) at 11:43 (PP)
Penalties :
Rourke Chartier (Cap) for High sticking (Minor) at 10:25
3rd period
6. Punishers , Robbie Earl 22 (Zack Hamill 41) at 6:37
7. Griffins , Ian McCoshen 2 (Petter Granberg 13, Marko Dano 43) at 8:43 (PP)
8. Punishers , Miikka Salomaki 31 (Zack Hamill 42) at 12:43
9. Griffins , Marko Dano 21 (Tobias Rieder 17, Dylan Larkin 27) at 14:35
10. Griffins , Rourke Chartier 1 (Sonny Milano 2, Nicholas Baptiste 3) at 18:21
Penalties :
Robbie Earl (Pro) for Holding Stick (Minor) at 2:17, Ian McCoshen (Cap) for Holding Stick (Minor) at 5:26, Madison Bowey (Pro) for Cross-checking (Minor) at 6:15, Robbie Earl (Pro) for Goalie Interference (Minor) at 6:59, Brandon Pirri (Cap) for Tripping (Minor) at 18:45
Overtime #1
No Goal
Penalties :
No Penalty
Shootout
Griffins, Dylan Larkin - Stopped by Louis Domingue
Punishers, Zack Hamill - Stopped by Igor Shesterkin
Griffins, Nathan Gerbe - Stopped by Louis Domingue
Punishers, Robbie Earl - Goal!
Griffins, Rourke Chartier - Stopped by Louis Domingue
Penalties :
No Penalty
Goalie Stats
Igor Shesterkin (Cap), 24 saves from 29 shots - (0.828), OTL, 5-7-2, 65:00 minutes
Louis Domingue (Pro), 43 saves from 48 shots - (0.896), W, 17-14-2, 65:00 minutes
Players Stats for Griffins
Player Name G A P +/- PIM S H SB GA TA FO MP PP MP PK MP
------------------------------------------------------------------------------------
Anton Slepyshev 0 0 0 0 0 1 0 0 0 0 0/0 11:42 1:01 0:00
Ben Hanowski 1 0 1 1 0 2 2 0 2 1 0/0 16:13 1:01 1:31
Brandon Pirri 0 0 0 0 2 6 3 1 0 0 1/2 11:09 0:00 0:24
Brendan Woods 0 0 0 0 0 0 0 0 0 1 2/6 16:24 0:09 4:42
Dylan Larkin 0 3 3 1 0 1 0 0 0 0 11/21 16:22 1:01 0:00
Gord Baldwin 0 0 0 -1 0 0 0 1 0 0 0/0 16:42 1:34 3:56
Haydn Fleury 0 0 0 0 0 0 1 1 0 1 0/0 22:55 0:00 3:56
Ian McCoshen 1 0 1 0 2 2 0 0 0 1 0/0 8:45 1:18 0:00
Marcus Pettersson 0 1 1 -1 2 2 1 1 0 0 0/0 17:34 1:30 0:00
Marko Dano 2 1 3 0 0 6 0 1 2 0 6/8 22:19 2:34 0:00
Mirco Mueller 0 0 0 2 0 0 0 0 0 1 0/0 10:21 0:00 2:36
Nathan Gerbe 0 0 0 1 0 7 1 0 2 0 5/14 17:21 0:09 0:00
Nicholas Baptiste 0 1 1 -1 0 5 2 0 0 0 0/0 7:36 0:00 0:00
Petter Granberg 0 1 1 -2 2 1 0 6 0 1 0/0 20:02 2:23 0:00
Phil Oreskovic 0 0 0 2 0 0 0 2 0 2 0/0 13:42 0:49 2:36
Rourke Chartier 1 0 1 -1 2 2 0 1 0 0 1/3 7:54 0:00 0:00
Simon Despres 0 0 0 0 0 2 0 4 0 0 0/0 21:24 1:21 0:00
Sonny Milano 0 1 1 -1 0 2 1 0 0 0 0/1 7:36 0:00 0:00
Tobias Rieder 0 1 1 1 0 4 1 0 0 0 1/2 20:38 1:16 1:38
Tye McGinn 0 0 0 0 0 5 3 2 1 0 2/9 24:02 2:34 4:04
Players Stats for Punishers
Player Name G A P +/- PIM S H SB GA TA FO MP PP MP PK MP
------------------------------------------------------------------------------------
Adam Pelech 0 1 1 0 0 3 0 3 1 2 0/0 30:32 3:45 3:06
Alex Schoenborn 0 0 0 0 0 0 1 0 0 0 0/0 1:31 0:00 0:00
Andreas Athanasiou 0 0 0 -2 0 0 2 1 1 0 6/9 15:01 1:25 0:01
Austen Brassard 0 1 1 1 0 1 1 0 0 0 0/0 13:16 0:00 0:00
Carter Ashton 1 0 1 -2 2 4 3 0 1 0 0/0 12:42 1:24 0:00
Daniel Audette 0 0 0 0 0 0 0 0 0 0 0/0 2:38 0:00 1:58
Dylan DeMelo 0 0 0 1 0 0 0 1 0 0 0/0 11:16 0:00 0:09
Garret Ross 0 0 0 -2 0 1 3 0 0 0 1/2 13:32 1:25 0:37
John Macfarland 0 0 0 0 0 0 0 0 0 0 0/0 2:47 0:00 1:00
John Quenneville 0 0 0 0 0 0 0 0 0 0 1/2 7:14 0:00 0:00
Jordan Schmaltz 0 0 0 -1 0 0 1 4 1 1 0/0 28:29 2:02 2:01
Madison Bowey 0 0 0 -2 2 0 3 5 0 0 0/0 25:10 2:01 1:24
Michael Joly 0 0 0 0 0 0 1 0 0 0 0/0 7:14 0:00 0:00
Miikka Salomaki 1 1 2 0 0 8 1 1 2 0 1/2 22:05 4:22 0:00
Nikita Gusev 0 0 0 0 0 0 0 1 0 0 0/0 7:14 0:00 0:00
Radek Faksa 1 0 1 1 0 2 0 0 0 0 2/6 14:35 0:00 0:51
Robbie Earl 2 0 2 1 4 4 1 0 0 1 3/4 24:33 4:22 0:19
Slava Voynov 0 1 1 2 0 3 3 4 1 2 0/0 33:17 3:45 2:01
Tyler Bertuzzi 0 1 1 1 0 2 0 3 0 1 0/0 13:16 0:00 0:00
Zack Hamill 0 3 3 1 0 1 2 0 1 0 23/41 25:53 4:22 1:58
3 Stars
1 - Marko Dano (Cap)
2 - Zack Hamill (Pro)
3 - Miikka Salomaki (Pro)
Power Play
Griffins - 1 on 4 Attempt(s) - 25.00%
Punishers - 1 on 5 Attempt(s) - 20.00%
Penalty Kill
Griffins - 4 on 5 Attempt(s) - 80.00%
- Score 0 goal in Penalty Kill
Punishers - 3 on 4 Attempt(s) - 75.00%
- Score 0 goal in Penalty Kill
Team Stat
Griffins - Hits : 15 - Faceoff Wins : 29 - Blocked Shots : 20 - Penalty Minutes : 10
Punishers - Hits : 22 - Faceoff Wins : 37 - Blocked Shots : 23 - Penalty Minutes : 8
Official
Referees : Unknown
Linesman : Unknown
Game Notes
No Game Note
Finance
Level 1 -- Attendance: 1367 (68.35%) -- Ticket Income $54,680
Level 2 -- Attendance: 689 (68.90%) -- Ticket Income $13,780
Total Attendance: 2056 (68.53%)
Total Ticket Income: $68,460
Other Income: $3,423
Total Income: $71,883
Griffins
5 vs 5 Forward
Center Left Wing Right Wing Time % Phy DF OF
1 Nathan Gerbe Marko Dano Tobias Rieder 38 0 2 3
2 Dylan Larkin Tye McGinn Ben Hanowski 35 0 2 3
3 Brendan Woods Anton Slepyshev Brandon Pirri 17 0 2 3
4 Rourke Chartier Sonny Milano Nicholas Baptiste 10 0 2 3
5 vs 5 Defense
Defense Defense Time % Phy DF OF
1 Simon Despres Haydn Fleury 40 0 3 2
2 Marcus Pettersson Petter Granberg 30 0 3 2
3 Phil Oreskovic Mirco Mueller 15 0 3 2
4 Ian McCoshen Gord Baldwin 15 0 3 2
PowerPlay Forward
Center Left Wing Right Wing Time % Phy DF OF
1 Marko Dano Tye McGinn Tobias Rieder 60 0 1 4
2 Dylan Larkin Anton Slepyshev Ben Hanowski 40 0 1 4
PowerPlay Defense
Defense Defense Time % Phy DF OF
1 Simon Despres Marcus Pettersson 60 0 2 3
2 Phil Oreskovic Petter Granberg 40 0 2 3
Penalty Kill 4 Players Forward
Center Wing Time % Phy DF OF
1 Tye McGinn Brendan Woods 60 0 4 1
2 Tobias Rieder Ben Hanowski 40 0 4 1
Penalty Kill 4 Players Defense
Defense Defense Time % Phy DF OF
1 Gord Baldwin Haydn Fleury 60 1 2 2
2 Phil Oreskovic Mirco Mueller 40 1 2 2
Penalty Kill - 3 Players Forward
Forward Time % Phy DF OF
1 Brendan Woods 60 0 4 1
2 Tobias Rieder 40 0 4 1
Penalty Kill - 3 Players Defense
Defense Defense Time % Phy DF OF
1 Gord Baldwin Haydn Fleury 60 1 2 2
2 Phil Oreskovic Mirco Mueller 40 1 2 2
4 vs 4 Forward
Center Wing Time % Phy DF OF
1 Marko Dano Tye McGinn 60 0 2 3
2 Dylan Larkin Tobias Rieder 40 0 2 3
4 vs 4 Defense
Defense Defense Time % Phy DF OF
1 Gord Baldwin Petter Granberg 60 0 3 2
2 Marcus Pettersson Phil Oreskovic 40 0 3 2
Last Minutes Offensive
Center Left Wing Right Wing Defense Defense
Marko Dano Tye McGinn Tobias Rieder Marcus Pettersson Simon Despres
Last Minutes Defensive
Center Left Wing Right Wing Defense Defense
Marko Dano Brendan Woods Ben Hanowski Haydn Fleury Phil Oreskovic
Goaltenders
Starting : Igor Shesterkin
Backup : Olivier Roy
Extra Forwards
Normal : Marko Dano, Dylan Larkin, Nathan Gerbe - PP : Nathan Gerbe, Brandon Pirri - PK : Brandon Pirri
Extra Defensemen
Normal : Simon Despres, Marcus Pettersson, Haydn Fleury - PP : Haydn Fleury - PK : Petter Granberg, Marcus Pettersson
Penalty Shots
Dylan Larkin, Nathan Gerbe, Rourke Chartier, Sonny Milano, Marko Dano
Scratches
Vladislav Namestnikov (Healthy), Garrett Wilson (Healthy), Tanner Kero (Healthy), Greg McKegg (Healthy), Konrad Abeltshauser (Healthy)
Tomas Hyka (Healthy), Michael Bunting (Healthy), Danny Kristo (Healthy), Ryan Mantha (Healthy), Jack Ramsey (Healthy)
Marcus Hogberg (Healthy), Hayden Hawkey (Healthy)
Punishers
5 vs 5 Forward
Center Left Wing Right Wing Time % Phy DF OF
1 Zack Hamill Robbie Earl Miikka Salomaki 40 1 2 2
2 Andreas Athanasiou Garret Ross Carter Ashton 30 1 2 2
3 Radek Faksa Tyler Bertuzzi Austen Brassard 20 1 2 2
4 John Quenneville Nikita Gusev Michael Joly 10 1 2 2
5 vs 5 Defense
Defense Defense Time % Phy DF OF
1 Slava Voynov Adam Pelech 40 1 2 2
2 Jordan Schmaltz Madison Bowey 30 1 2 2
3 Dylan DeMelo Slava Voynov 20 1 2 2
4 Adam Pelech Jordan Schmaltz 10 1 2 2
PowerPlay Forward
Center Left Wing Right Wing Time % Phy DF OF
1 Zack Hamill Robbie Earl Miikka Salomaki 60 1 2 2
2 Andreas Athanasiou Garret Ross Carter Ashton 40 1 2 2
PowerPlay Defense
Defense Defense Time % Phy DF OF
1 Slava Voynov Adam Pelech 60 1 2 2
2 Jordan Schmaltz Madison Bowey 40 1 2 2
Penalty Kill 4 Players Forward
Center Wing Time % Phy DF OF
1 Zack Hamill Robbie Earl 60 1 2 2
2 Miikka Salomaki Andreas Athanasiou 40 1 2 2
Penalty Kill 4 Players Defense
Defense Defense Time % Phy DF OF
1 Slava Voynov Adam Pelech 60 1 2 2
2 Jordan Schmaltz Madison Bowey 40 1 2 2
Penalty Kill - 3 Players Forward
Forward Time % Phy DF OF
1 Zack Hamill 60 1 2 2
2 Robbie Earl 40 1 2 2
Penalty Kill - 3 Players Defense
Defense Defense Time % Phy DF OF
1 Slava Voynov Adam Pelech 60 1 2 2
2 Jordan Schmaltz Madison Bowey 40 1 2 2
4 vs 4 Forward
Center Wing Time % Phy DF OF
1 Zack Hamill Robbie Earl 60 1 2 2
2 Miikka Salomaki Andreas Athanasiou 40 1 2 2
4 vs 4 Defense
Defense Defense Time % Phy DF OF
1 Slava Voynov Adam Pelech 60 1 2 2
2 Jordan Schmaltz Madison Bowey 40 1 2 2
Last Minutes Offensive
Center Left Wing Right Wing Defense Defense
Zack Hamill Robbie Earl Miikka Salomaki Slava Voynov Adam Pelech
Last Minutes Defensive
Center Left Wing Right Wing Defense Defense
Zack Hamill Robbie Earl Miikka Salomaki Slava Voynov Adam Pelech
Goaltenders
Starting : Louis Domingue
Backup : Daniel Altshuller
Extra Forwards
Normal : John Macfarland, Alex Schoenborn, Daniel Audette - PP : John Macfarland, Alex Schoenborn - PK : Daniel Audette
Extra Defensemen
Normal : Dylan DeMelo, Madison Bowey, Slava Voynov - PP : Dylan DeMelo - PK : Madison Bowey, Slava Voynov
Penalty Shots
Zack Hamill, Robbie Earl, Miikka Salomaki, Andreas Athanasiou, Radek Faksa
Scratches
Ben Betker (Healthy)
% Time on Ice - Griffins
Lines # - Real PCT - Wanted PCT - Time Play
Normal Forward
1 - 34% - 38% - 16:08
2 - 29% - 35% - 13:41
3 - 22% - 17% - 10:22
4 - 16% - 10% - 7:36
Normal Defense
1 - 39% - 40% - 18:38
2 - 29% - 30% - 13:56
3 - 16% - 15% - 7:45
4 - 16% - 15% - 7:28
PP Forward
1 - 73% - 60% - 2:43
2 - 27% - 40% - 1:01
PP Defense
1 - 78% - 60% - 2:55
2 - 22% - 40% - 0:49
PK Forward
1 - 74% - 60% - 4:16
2 - 26% - 40% - 1:31
PK Defense
1 - 55% - 60% - 3:11
2 - 45% - 40% - 2:36
PK3 Forward
1 - 84% - 60% - 0:38
2 - 16% - 40% - 0:07
PK3 Defense
1 - 100% - 60% - 0:45
2 - 0% - 40% - 0:00
44 Forward
1 - 77% - 60% - 5:20
2 - 23% - 40% - 1:37
44 Defense
1 - 64% - 60% - 4:25
2 - 36% - 40% - 2:32
Last Minute Offensive - 0:00
Last Minute Defensive - 0:00
Total
Forward - 65:00
Defense - 65:00
|
% Time on Ice - Punishers
Lines # - Real PCT - Wanted PCT - Time Play
Normal Forward
1 - 34% - 40% - 16:11
2 - 23% - 30% - 11:06
3 - 28% - 20% - 13:16
4 - 15% - 10% - 7:14
Normal Defense
1 - 36% - 40% - 16:58
2 - 38% - 30% - 18:13
3 - 20% - 20% - 9:23
4 - 7% - 10% - 3:13
PP Forward
1 - 76% - 60% - 4:22
2 - 24% - 40% - 1:25
PP Defense
1 - 65% - 60% - 3:45
2 - 35% - 40% - 2:02
PK Forward
1 - 83% - 60% - 2:26
2 - 17% - 40% - 0:29
PK Defense
1 - 52% - 60% - 1:31
2 - 48% - 40% - 1:24
PK3 Forward
1 - 52% - 60% - 0:39
2 - 48% - 40% - 0:36
PK3 Defense
1 - 52% - 60% - 0:39
2 - 48% - 40% - 0:36
44 Forward
1 - 74% - 60% - 5:24
2 - 26% - 40% - 1:52
44 Defense
1 - 61% - 60% - 4:25
2 - 39% - 40% - 2:51
Last Minute Offensive - 0:00
Last Minute Defensive - 0:00
Total
Forward - 65:00
Defense - 65:00
|
Play-by-Play
1st period
0:01 of 1st period - Zack Hamill wins face-off versus Nathan Gerbe in neutral zone.
0:37 of 1st period - Wrist shot by Andreas Athanasiou.
0:37 of 1st period - Shot Misses the Net.
0:49 of 1st period - Madison Bowey is hit by Brandon Pirri and loses puck.
0:58 of 1st period - Marcus Pettersson is hit by Austen Brassard and loses puck.
1:41 of 1st period - Wrist shot by Nathan Gerbe.
1:41 of 1st period - Shot Blocked by Slava Voynov.
2:00 of 1st period - Wrist shot by Ben Hanowski.
2:00 of 1st period - Shot Misses the Net.
2:14 of 1st period - Icing by Dylan DeMelo.
2:15 of 1st period - Nathan Gerbe wins face-off versus Radek Faksa in Punishers zone.
2:49 of 1st period - Snap shot by Tye McGinn.
2:49 of 1st period - Shot Misses the Net.
3:01 of 1st period - Gord Baldwin is hit by Madison Bowey and loses puck.
3:06 of 1st period - Slapshot by Slava Voynov.
3:06 of 1st period - Deflect By Garret Ross.
3:06 of 1st period - Shot Blocked by Gord Baldwin.
3:06 of 1st period - Puck is out of play.
3:07 of 1st period - Nathan Gerbe wins face-off versus Andreas Athanasiou in Griffins zone.
3:12 of 1st period - Snap shot by Carter Ashton.
3:12 of 1st period - Stopped by Igor Shesterkin with a rebound.
3:14 of 1st period - Slapshot by Adam Pelech.
3:14 of 1st period - Shot Blocked by Simon Despres.
3:16 of 1st period - Wrist shot by Garret Ross.
3:16 of 1st period - Shot Blocked by Simon Despres.
3:18 of 1st period - Slapshot by Slava Voynov.
3:18 of 1st period - Shot Misses the Net.
3:57 of 1st period - Nicholas Baptiste is hit by Michael Joly and loses puck.
4:51 of 1st period - Marko Dano is hit by Garret Ross and loses puck.
5:23 of 1st period - Snap shot by Nathan Gerbe.
5:23 of 1st period - Stopped by Louis Domingue without a rebound.
5:24 of 1st period - Dylan Larkin wins face-off versus Miikka Salomaki in Punishers zone.
5:27 of 1st period - Snap shot by Ben Hanowski.
5:27 of 1st period - Goal by Ben Hanowski - Griffins : 1 - Punishers : 0.
5:28 of 1st period - Dylan Larkin wins face-off versus Zack Hamill in neutral zone.
6:11 of 1st period - Snap shot by Ben Hanowski.
6:11 of 1st period - Shot Blocked by Tyler Bertuzzi.
6:17 of 1st period - Snap shot by Dylan Larkin.
6:17 of 1st period - Shot Misses the Net.
6:19 of 1st period - Snap shot by Dylan Larkin.
6:19 of 1st period - Stopped by Louis Domingue without a rebound.
6:20 of 1st period - Nathan Gerbe wins face-off versus Zack Hamill in Punishers zone.
6:42 of 1st period - Icing by Marko Dano.
6:43 of 1st period - Andreas Athanasiou wins face-off versus Brandon Pirri in Griffins zone.
6:44 of 1st period - Wrist shot by Garret Ross.
6:44 of 1st period - Stopped by Igor Shesterkin with a rebound.
6:50 of 1st period - Wrist shot by Carter Ashton.
6:50 of 1st period - Stopped by Igor Shesterkin without a rebound.
6:51 of 1st period - Zack Hamill wins face-off versus Dylan Larkin in Griffins zone.
7:44 of 1st period - Slapshot by Tyler Bertuzzi.
7:44 of 1st period - Stopped by Igor Shesterkin with a rebound.
7:58 of 1st period - Jordan Schmaltz is hit by Sonny Milano and loses puck.
8:07 of 1st period - Snap shot by Slava Voynov.
8:07 of 1st period - Shot Blocked by Petter Granberg.
8:09 of 1st period - Wrist shot by Austen Brassard.
8:09 of 1st period - Shot Misses the Net.
8:11 of 1st period - Snap shot by Austen Brassard.
8:11 of 1st period - Stopped by Igor Shesterkin with a rebound.
8:13 of 1st period - Slapshot by Tyler Bertuzzi.
8:13 of 1st period - Shot Misses the Net.
8:15 of 1st period - Snap shot by Radek Faksa.
8:15 of 1st period - Goal by Radek Faksa - Griffins : 1 - Punishers : 1.
8:16 of 1st period - Dylan Larkin wins face-off versus Zack Hamill in neutral zone.
8:19 of 1st period - Slapshot by Tye McGinn.
8:19 of 1st period - Shot Misses the Net.
8:21 of 1st period - Slapshot by Phil Oreskovic.
8:21 of 1st period - Shot Misses the Net.
8:23 of 1st period - Wrist shot by Mirco Mueller.
8:23 of 1st period - Shot Blocked by Slava Voynov.
8:31 of 1st period - Snap shot by Zack Hamill.
8:31 of 1st period - Shot Blocked by Phil Oreskovic.
9:06 of 1st period - Slapshot by Slava Voynov.
9:06 of 1st period - Shot Misses the Net.
9:08 of 1st period - Slapshot by Slava Voynov.
9:08 of 1st period - Shot Misses the Net.
9:10 of 1st period - Slapshot by Slava Voynov.
9:10 of 1st period - Stopped by Igor Shesterkin with a rebound.
9:12 of 1st period - Backhand shot by Slava Voynov.
9:12 of 1st period - Shot Misses the Net.
9:14 of 1st period - Slapshot by Slava Voynov.
9:14 of 1st period - Stopped by Igor Shesterkin with a rebound.
9:30 of 1st period - Snap shot by Rourke Chartier.
9:30 of 1st period - Stopped by Louis Domingue with a rebound.
9:44 of 1st period - Ben Hanowski is hit by Jordan Schmaltz and loses puck.
9:51 of 1st period - Wrist shot by Zack Hamill.
9:51 of 1st period - Deflect By Robbie Earl.
9:51 of 1st period - Shot Blocked by Tye McGinn.
9:51 of 1st period - Puck is out of play.
9:52 of 1st period - Robbie Earl wins face-off versus Nathan Gerbe in Griffins zone.
9:53 of 1st period - Snap shot by Zack Hamill.
9:53 of 1st period - Shot Misses the Net.
9:59 of 1st period - Snap shot by Marko Dano.
9:59 of 1st period - Shot Misses the Net.
10:01 of 1st period - Snap shot by Tobias Rieder.
10:01 of 1st period - Stopped by Louis Domingue without a rebound.
10:02 of 1st period - Nathan Gerbe wins face-off versus Zack Hamill in Punishers zone.
10:29 of 1st period - Snap shot by Nathan Gerbe.
10:29 of 1st period - Stopped by Louis Domingue without a rebound.
10:30 of 1st period - Dylan Larkin wins face-off versus Garret Ross in Punishers zone.
10:41 of 1st period - Wrist shot by Tye McGinn.
10:41 of 1st period - Shot Misses the Net.
11:06 of 1st period - Wrist shot by Andreas Athanasiou.
11:06 of 1st period - Shot Blocked by Rourke Chartier.
11:08 of 1st period - Slapshot by Adam Pelech.
11:08 of 1st period - Shot Blocked by Petter Granberg.
11:10 of 1st period - Slapshot by Slava Voynov.
11:10 of 1st period - Shot Blocked by Petter Granberg.
11:12 of 1st period - Slapshot by Slava Voynov.
11:12 of 1st period - Stopped by Igor Shesterkin with a rebound.
11:14 of 1st period - Slapshot by Adam Pelech.
11:14 of 1st period - Stopped by Igor Shesterkin with a rebound.
11:16 of 1st period - Wrist shot by Carter Ashton.
11:16 of 1st period - Goal by Carter Ashton - Griffins : 1 - Punishers : 2.
11:17 of 1st period - Zack Hamill wins face-off versus Nathan Gerbe in neutral zone.
11:26 of 1st period - Slapshot by Zack Hamill.
11:26 of 1st period - Shot Misses the Net.
11:28 of 1st period - Slapshot by Slava Voynov.
11:28 of 1st period - Shot Misses the Net.
11:47 of 1st period - Ben Hanowski is hit by Madison Bowey and loses puck.
12:33 of 1st period - Nicholas Baptiste is hit by Zack Hamill and loses puck.
12:52 of 1st period - Nathan Gerbe is hit by Garret Ross and loses puck.
13:13 of 1st period - Snap shot by Ben Hanowski.
13:13 of 1st period - Shot Misses the Net.
13:29 of 1st period - Wrist shot by Brandon Pirri.
13:29 of 1st period - Deflect By Anton Slepyshev.
13:29 of 1st period - Shot Blocked by Tyler Bertuzzi.
13:29 of 1st period - Puck is out of play.
13:30 of 1st period - Miikka Salomaki wins face-off versus Brendan Woods in Punishers zone.
13:30 of 1st period - Miikka Salomaki is hit by Brandon Pirri.
13:35 of 1st period - Minor Penalty to Petter Granberg for Hooking.
13:36 of 1st period - Zack Hamill wins face-off versus Tye McGinn in Griffins zone.
13:36 of 1st period - Wrist shot by Miikka Salomaki.
13:36 of 1st period - Stopped by Igor Shesterkin without a rebound.
13:37 of 1st period - Tye McGinn wins face-off versus Zack Hamill in Griffins zone.
14:19 of 1st period - Off-side.
14:20 of 1st period - Garret Ross wins face-off versus Tobias Rieder in neutral zone.
14:53 of 1st period - Snap shot by Zack Hamill.
14:53 of 1st period - Shot Misses the Net.
14:55 of 1st period - Slapshot by Zack Hamill.
14:55 of 1st period - Deflect By Miikka Salomaki.
14:55 of 1st period - Stopped by Igor Shesterkin without a rebound.
14:56 of 1st period - Brandon Pirri wins face-off versus Zack Hamill in Griffins zone.
15:07 of 1st period - Slapshot by Slava Voynov.
15:07 of 1st period - Shot Misses the Net.
15:09 of 1st period - Slapshot by Adam Pelech.
15:09 of 1st period - Shot Misses the Net.
15:35 of 1st period - Penalty to Petter Granberg is over, Petter Granberg is back on ice.
15:50 of 1st period - Off-side.
15:51 of 1st period - Zack Hamill wins face-off versus Rourke Chartier in neutral zone.
16:00 of 1st period - Snap shot by Nicholas Baptiste.
16:00 of 1st period - Stopped by Louis Domingue with a rebound.
16:02 of 1st period - Snap shot by Sonny Milano.
16:02 of 1st period - Shot Blocked by Miikka Salomaki.
16:40 of 1st period - Wrist shot by Zack Hamill.
16:40 of 1st period - Shot Misses the Net.
16:53 of 1st period - Off-side.
16:54 of 1st period - Dylan Larkin wins face-off versus Andreas Athanasiou in neutral zone.
16:59 of 1st period - Wrist shot by Dylan Larkin.
16:59 of 1st period - Shot Blocked by Adam Pelech.
17:01 of 1st period - Snap shot by Tye McGinn.
17:01 of 1st period - Stopped by Louis Domingue with a rebound.
17:21 of 1st period - Simon Despres is hit by Slava Voynov.
17:44 of 1st period - Minor Penalty to Marcus Pettersson for Hooking.
17:45 of 1st period - Zack Hamill wins face-off versus Tye McGinn in Griffins zone.
17:47 of 1st period - Snap shot by Miikka Salomaki.
17:47 of 1st period - Shot Misses the Net.
18:11 of 1st period - Minor Penalty to Carter Ashton for Roughing.
18:12 of 1st period - Marko Dano wins face-off versus Zack Hamill in Punishers zone.
18:15 of 1st period - Slapshot by Marko Dano.
18:15 of 1st period - Shot Misses the Net.
18:29 of 1st period - Slapshot by Robbie Earl.
18:29 of 1st period - Shot Blocked by Petter Granberg.
18:50 of 1st period - Icing by Slava Voynov.
18:51 of 1st period - Dylan Larkin wins face-off versus Robbie Earl in Punishers zone.
19:14 of 1st period - Slapshot by Miikka Salomaki.
19:14 of 1st period - Shot Blocked by Phil Oreskovic.
19:44 of 1st period - Penalty to Marcus Pettersson is over, Marcus Pettersson is back on ice.
19:46 of 1st period - Wrist shot by Brendan Woods.
19:46 of 1st period - Shot Misses the Net.
19:58 of 1st period - Wrist shot by Ben Hanowski.
19:58 of 1st period - Shot Misses the Net.
Goals for this period are 1 for Griffins vs 2 for Punishers.
Shots for this period are 8 for Griffins vs 13 for Punishers.
2nd period
0:01 of 2nd period - Marko Dano wins face-off versus Zack Hamill in neutral zone.
0:11 of 2nd period - Penalty to Carter Ashton is over, Carter Ashton is back on ice.
0:31 of 2nd period - Slapshot by Anton Slepyshev.
0:31 of 2nd period - Shot Blocked by Slava Voynov.
0:35 of 2nd period - Snap shot by Brandon Pirri.
0:35 of 2nd period - Stopped by Louis Domingue without a rebound.
0:36 of 2nd period - Andreas Athanasiou wins face-off versus Dylan Larkin in Punishers zone.
0:41 of 2nd period - Gord Baldwin is hit by Andreas Athanasiou and loses puck.
1:06 of 2nd period - Miikka Salomaki is hit by Haydn Fleury and loses puck.
1:13 of 2nd period - Simon Despres is hit by Miikka Salomaki and loses puck.
1:49 of 2nd period - Snap shot by Brandon Pirri.
1:49 of 2nd period - Stopped by Louis Domingue with a rebound.
1:51 of 2nd period - Backhand shot by Brandon Pirri.
1:51 of 2nd period - Stopped by Louis Domingue with a rebound.
1:53 of 2nd period - Slapshot by Haydn Fleury.
1:53 of 2nd period - Deflect By Anton Slepyshev.
1:53 of 2nd period - Shot Misses the Net.
1:53 of 2nd period - Puck is out of play.
1:54 of 2nd period - Zack Hamill wins face-off versus Brendan Woods in Punishers zone.
2:25 of 2nd period - Backhand shot by Miikka Salomaki.
2:25 of 2nd period - Stopped by Igor Shesterkin with a rebound.
2:45 of 2nd period - Wrist shot by Brandon Pirri.
2:45 of 2nd period - Stopped by Louis Domingue with a rebound.
2:47 of 2nd period - Snap shot by Brandon Pirri.
2:47 of 2nd period - Shot Blocked by Dylan DeMelo.
2:49 of 2nd period - Wrist shot by Brendan Woods.
2:49 of 2nd period - Deflect By Brandon Pirri.
2:49 of 2nd period - Shot Blocked by Slava Voynov.
2:49 of 2nd period - Puck is out of play.
2:50 of 2nd period - Andreas Athanasiou wins face-off versus Dylan Larkin in Punishers zone.
2:57 of 2nd period - Wrist shot by Dylan Larkin.
2:57 of 2nd period - Shot Misses the Net.
2:59 of 2nd period - Snap shot by Tye McGinn.
2:59 of 2nd period - Shot Blocked by Andreas Athanasiou.
3:01 of 2nd period - Snap shot by Dylan Larkin.
3:01 of 2nd period - Shot Blocked by Madison Bowey.
3:03 of 2nd period - Snap shot by Simon Despres.
3:03 of 2nd period - Stopped by Louis Domingue with a rebound.
3:05 of 2nd period - Snap shot by Ben Hanowski.
3:05 of 2nd period - Stopped by Louis Domingue without a rebound.
3:06 of 2nd period - Nathan Gerbe wins face-off versus Radek Faksa in Punishers zone.
3:07 of 2nd period - Snap shot by Tobias Rieder.
3:07 of 2nd period - Stopped by Louis Domingue with a rebound.
3:35 of 2nd period - Wrist shot by Carter Ashton.
3:35 of 2nd period - Shot Misses the Net.
3:37 of 2nd period - Slapshot by Adam Pelech.
3:37 of 2nd period - Shot Blocked by Simon Despres.
3:39 of 2nd period - Slapshot by Slava Voynov.
3:39 of 2nd period - Shot Misses the Net.
4:15 of 2nd period - Wrist shot by Zack Hamill.
4:15 of 2nd period - Shot Blocked by Petter Granberg.
4:17 of 2nd period - Slapshot by Adam Pelech.
4:17 of 2nd period - Shot Blocked by Marcus Pettersson.
4:19 of 2nd period - Slapshot by Adam Pelech.
4:19 of 2nd period - Stopped by Igor Shesterkin with a rebound.
4:21 of 2nd period - Slapshot by Slava Voynov.
4:21 of 2nd period - Shot Blocked by Petter Granberg.
4:42 of 2nd period - Off-side.
4:43 of 2nd period - Radek Faksa wins face-off versus Dylan Larkin in neutral zone.
5:09 of 2nd period - Wrist shot by Nicholas Baptiste.
5:09 of 2nd period - Stopped by Louis Domingue with a rebound.
5:19 of 2nd period - Snap shot by Tyler Bertuzzi.
5:19 of 2nd period - Stopped by Igor Shesterkin without a rebound.
5:20 of 2nd period - Zack Hamill wins face-off versus Dylan Larkin in Griffins zone.
5:49 of 2nd period - Snap shot by Dylan Larkin.
5:49 of 2nd period - Shot Misses the Net.
5:51 of 2nd period - Snap shot by Marcus Pettersson.
5:51 of 2nd period - Stopped by Louis Domingue with a rebound.
5:53 of 2nd period - Wrist shot by Marko Dano.
5:53 of 2nd period - Goal by Marko Dano - Griffins : 2 - Punishers : 2.
5:54 of 2nd period - Dylan Larkin wins face-off versus Zack Hamill in neutral zone.
6:07 of 2nd period - Wrist shot by Miikka Salomaki.
6:07 of 2nd period - Stopped by Igor Shesterkin with a rebound.
6:25 of 2nd period - Snap shot by Radek Faksa.
6:25 of 2nd period - Stopped by Igor Shesterkin without a rebound.
6:26 of 2nd period - Radek Faksa wins face-off versus Nathan Gerbe in Griffins zone.
6:39 of 2nd period - Snap shot by Radek Faksa.
6:39 of 2nd period - Shot Blocked by Simon Despres.
6:55 of 2nd period - Wrist shot by Tobias Rieder.
6:55 of 2nd period - Stopped by Louis Domingue with a rebound.
6:57 of 2nd period - Wrist shot by Nathan Gerbe.
6:57 of 2nd period - Shot Blocked by Jordan Schmaltz.
6:59 of 2nd period - Snap shot by Tobias Rieder.
6:59 of 2nd period - Shot Misses the Net.
7:01 of 2nd period - Snap shot by Marko Dano.
7:01 of 2nd period - Shot Blocked by Madison Bowey.
7:03 of 2nd period - Wrist shot by Marko Dano.
7:03 of 2nd period - Shot Misses the Net.
7:05 of 2nd period - Snap shot by Nathan Gerbe.
7:05 of 2nd period - Stopped by Louis Domingue with a rebound.
7:07 of 2nd period - Wrist shot by Marko Dano.
7:07 of 2nd period - Shot Misses the Net.
7:09 of 2nd period - Wrist shot by Tobias Rieder.
7:09 of 2nd period - Shot Hit the Post.
7:11 of 2nd period - Wrist shot by Simon Despres.
7:11 of 2nd period - Shot Blocked by Madison Bowey.
7:13 of 2nd period - Slapshot by Haydn Fleury.
7:13 of 2nd period - Shot Blocked by Madison Bowey.
7:15 of 2nd period - Slapshot by Tobias Rieder.
7:15 of 2nd period - Shot Misses the Net.
7:17 of 2nd period - Snap shot by Marko Dano.
7:17 of 2nd period - Shot Misses the Net.
7:19 of 2nd period - Wrist shot by Nathan Gerbe.
7:19 of 2nd period - Shot Misses the Net.
7:27 of 2nd period - Snap shot by Tobias Rieder.
7:27 of 2nd period - Shot Misses the Net.
7:29 of 2nd period - Wrist shot by Nathan Gerbe.
7:29 of 2nd period - Shot Misses the Net.
7:31 of 2nd period - Slapshot by Marko Dano.
7:31 of 2nd period - Stopped by Louis Domingue with a rebound.
7:33 of 2nd period - Snap shot by Marko Dano.
7:33 of 2nd period - Shot Misses the Net.
8:10 of 2nd period - Simon Despres is hit by Madison Bowey and loses puck.
8:35 of 2nd period - Slapshot by Jordan Schmaltz.
8:35 of 2nd period - Shot Blocked by Haydn Fleury.
9:22 of 2nd period - Wrist shot by Nathan Gerbe.
9:22 of 2nd period - Stopped by Louis Domingue without a rebound.
9:23 of 2nd period - Zack Hamill wins face-off versus Dylan Larkin in Punishers zone.
10:09 of 2nd period - Snap shot by Nicholas Baptiste.
10:09 of 2nd period - Stopped by Louis Domingue without a rebound.
10:10 of 2nd period - John Quenneville wins face-off versus Rourke Chartier in Punishers zone.
10:10 of 2nd period - John Quenneville is hit by Nicholas Baptiste.
10:25 of 2nd period - Minor Penalty to Rourke Chartier for High sticking.
10:26 of 2nd period - Zack Hamill wins face-off versus Tye McGinn in Griffins zone.
10:49 of 2nd period - Icing by Slava Voynov.
10:50 of 2nd period - Zack Hamill wins face-off versus Tye McGinn in Punishers zone.
11:03 of 2nd period - Wrist shot by Miikka Salomaki.
11:03 of 2nd period - Shot Misses the Net.
11:23 of 2nd period - Wrist shot by Miikka Salomaki.
11:23 of 2nd period - Stopped by Igor Shesterkin with a rebound.
11:25 of 2nd period - Wrist shot by Robbie Earl.
11:25 of 2nd period - Shot Misses the Net.
11:43 of 2nd period - Slapshot by Miikka Salomaki.
11:43 of 2nd period - Deflect By Robbie Earl.
11:43 of 2nd period - Goal by Robbie Earl - Griffins : 2 - Punishers : 3.
11:44 of 2nd period - Andreas Athanasiou wins face-off versus Sonny Milano in neutral zone.
11:47 of 2nd period - Slapshot by Jordan Schmaltz.
11:47 of 2nd period - Shot Misses the Net.
12:30 of 2nd period - Slapshot by Anton Slepyshev.
12:30 of 2nd period - Stopped by Louis Domingue with a rebound.
12:33 of 2nd period - Icing by Slava Voynov.
12:34 of 2nd period - Marko Dano wins face-off versus Zack Hamill in Punishers zone.
12:55 of 2nd period - Wrist shot by Nicholas Baptiste.
12:55 of 2nd period - Shot Misses the Net.
13:13 of 2nd period - Wrist shot by Ben Hanowski.
13:13 of 2nd period - Deflect By Tye McGinn.
13:13 of 2nd period - Stopped by Louis Domingue with a rebound.
13:23 of 2nd period - Adam Pelech is hit by Tye McGinn and loses puck.
13:44 of 2nd period - Wrist shot by Miikka Salomaki.
13:44 of 2nd period - Shot Misses the Net.
13:59 of 2nd period - Wrist shot by Tobias Rieder.
13:59 of 2nd period - Shot Misses the Net.
14:01 of 2nd period - Slapshot by Nathan Gerbe.
14:01 of 2nd period - Shot Blocked by Jordan Schmaltz.
14:03 of 2nd period - Snap shot by Marko Dano.
14:03 of 2nd period - Stopped by Louis Domingue with a rebound.
14:05 of 2nd period - Snap shot by Simon Despres.
14:05 of 2nd period - Shot Blocked by Jordan Schmaltz.
14:07 of 2nd period - Wrist shot by Tobias Rieder.
14:07 of 2nd period - Shot Misses the Net.
14:09 of 2nd period - Slapshot by Simon Despres.
14:09 of 2nd period - Shot Blocked by Tyler Bertuzzi.
14:13 of 2nd period - Wrist shot by Marko Dano.
14:13 of 2nd period - Shot Misses the Net.
14:35 of 2nd period - Wrist shot by Marko Dano.
14:35 of 2nd period - Shot Misses the Net.
14:54 of 2nd period - Tyler Bertuzzi is hit by Tobias Rieder and loses puck.
15:03 of 2nd period - Slapshot by Marko Dano.
15:03 of 2nd period - Shot Hit the Post.
15:07 of 2nd period - Wrist shot by Marko Dano.
15:07 of 2nd period - Shot Blocked by Madison Bowey.
15:09 of 2nd period - Wrist shot by Simon Despres.
15:09 of 2nd period - Stopped by Louis Domingue with a rebound.
15:11 of 2nd period - Backhand shot by Nathan Gerbe.
15:11 of 2nd period - Shot Misses the Net.
15:13 of 2nd period - Wrist shot by Tobias Rieder.
15:13 of 2nd period - Shot Misses the Net.
15:15 of 2nd period - Slapshot by Nathan Gerbe.
15:15 of 2nd period - Shot Misses the Net.
15:17 of 2nd period - Slapshot by Marko Dano.
15:17 of 2nd period - Shot Misses the Net.
15:31 of 2nd period - Snap shot by Marko Dano.
15:31 of 2nd period - Stopped by Louis Domingue with a rebound.
15:41 of 2nd period - Wrist shot by Nathan Gerbe.
15:41 of 2nd period - Stopped by Louis Domingue without a rebound.
15:42 of 2nd period - Robbie Earl wins face-off versus Dylan Larkin in Punishers zone.
16:07 of 2nd period - Anton Slepyshev is hit by Carter Ashton and loses puck.
16:34 of 2nd period - Wrist shot by Nicholas Baptiste.
16:34 of 2nd period - Stopped by Louis Domingue with a rebound.
16:46 of 2nd period - Tye McGinn is hit by Zack Hamill.
16:50 of 2nd period - Snap shot by Zack Hamill.
16:50 of 2nd period - Shot Misses the Net.
17:04 of 2nd period - Wrist shot by Brandon Pirri.
17:04 of 2nd period - Shot Misses the Net.
17:16 of 2nd period - Snap shot by Nicholas Baptiste.
17:16 of 2nd period - Shot Blocked by Nikita Gusev.
17:18 of 2nd period - Slapshot by Marcus Pettersson.
17:18 of 2nd period - Shot Misses the Net.
17:58 of 2nd period - Haydn Fleury is hit by Andreas Athanasiou and loses puck.
18:11 of 2nd period - Gord Baldwin is hit by Carter Ashton and loses puck.
18:32 of 2nd period - Robbie Earl is hit by Ben Hanowski and loses puck.
Goals for this period are 1 for Griffins vs 1 for Punishers.
Shots for this period are 22 for Griffins vs 7 for Punishers.
3rd period
0:01 of 3rd period - Zack Hamill wins face-off versus Dylan Larkin in neutral zone.
0:08 of 3rd period - Wrist shot by Zack Hamill.
0:08 of 3rd period - Shot Misses the Net.
0:16 of 3rd period - Snap shot by Tye McGinn.
0:16 of 3rd period - Stopped by Louis Domingue without a rebound.
0:17 of 3rd period - Tobias Rieder wins face-off versus Andreas Athanasiou in Punishers zone.
0:20 of 3rd period - Snap shot by Tobias Rieder.
0:20 of 3rd period - Stopped by Louis Domingue without a rebound.
0:21 of 3rd period - Andreas Athanasiou wins face-off versus Nathan Gerbe in Punishers zone.
0:38 of 3rd period - Off-side.
0:39 of 3rd period - Zack Hamill wins face-off versus Dylan Larkin in neutral zone.
1:43 of 3rd period - Tyler Bertuzzi is hit by Nicholas Baptiste and loses puck.
1:50 of 3rd period - Snap shot by Sonny Milano.
1:50 of 3rd period - Stopped by Louis Domingue with a rebound.
1:52 of 3rd period - Slapshot by Marcus Pettersson.
1:52 of 3rd period - Stopped by Louis Domingue with a rebound.
2:04 of 3rd period - Madison Bowey is hit by Tye McGinn and loses puck.
2:17 of 3rd period - Minor Penalty to Robbie Earl for Holding Stick.
2:18 of 3rd period - Marko Dano wins face-off versus Zack Hamill in Punishers zone.
2:43 of 3rd period - Slava Voynov is hit by Ben Hanowski and loses puck.
2:48 of 3rd period - Slapshot by Ben Hanowski.
2:48 of 3rd period - Shot Blocked by Adam Pelech.
3:08 of 3rd period - Madison Bowey is hit by Tye McGinn and loses puck.
4:17 of 3rd period - Penalty to Robbie Earl is over, Robbie Earl is back on ice.
4:37 of 3rd period - Snap shot by Nicholas Baptiste.
4:37 of 3rd period - Stopped by Louis Domingue without a rebound.
4:38 of 3rd period - Rourke Chartier wins face-off versus John Quenneville in Punishers zone.
5:04 of 3rd period - Miikka Salomaki is hit by Brandon Pirri and loses puck.
5:26 of 3rd period - Minor Penalty to Ian McCoshen for Holding Stick.
5:27 of 3rd period - Tye McGinn wins face-off versus Zack Hamill in Griffins zone.
5:39 of 3rd period - Wrist shot by Robbie Earl.
5:39 of 3rd period - Shot Blocked by Tye McGinn.
6:15 of 3rd period - Minor Penalty to Madison Bowey for Cross-checking.
6:16 of 3rd period - Zack Hamill wins face-off versus Marko Dano in Punishers zone.
6:31 of 3rd period - Wrist shot by Zack Hamill.
6:31 of 3rd period - Stopped by Igor Shesterkin without a rebound.
6:32 of 3rd period - Zack Hamill wins face-off versus Tye McGinn in Griffins zone.
6:37 of 3rd period - Snap shot by Robbie Earl.
6:37 of 3rd period - Goal by Robbie Earl - Griffins : 2 - Punishers : 4.
6:38 of 3rd period - Zack Hamill wins face-off versus Marko Dano in neutral zone.
6:59 of 3rd period - Minor Penalty to Robbie Earl for Goalie Interference.
7:00 of 3rd period - Marko Dano wins face-off versus Zack Hamill in Punishers zone.
7:09 of 3rd period - Snap shot by Tye McGinn.
7:09 of 3rd period - Stopped by Louis Domingue with a rebound.
7:26 of 3rd period - Penalty to Ian McCoshen is over, Ian McCoshen is back on ice.
7:47 of 3rd period - Snap shot by Marko Dano.
7:47 of 3rd period - Shot Misses the Net.
7:55 of 3rd period - Snap shot by Tye McGinn.
7:55 of 3rd period - Stopped by Louis Domingue with a rebound.
7:57 of 3rd period - Snap shot by Ian McCoshen.
7:57 of 3rd period - Stopped by Louis Domingue with a rebound.
7:59 of 3rd period - Slapshot by Marko Dano.
7:59 of 3rd period - Stopped by Louis Domingue with a rebound.
8:15 of 3rd period - Penalty to Madison Bowey is over, Madison Bowey is back on ice.
8:37 of 3rd period - Slapshot by Marko Dano.
8:37 of 3rd period - Shot Misses the Net.
8:39 of 3rd period - Slapshot by Marko Dano.
8:39 of 3rd period - Shot Misses the Net.
8:41 of 3rd period - Slapshot by Petter Granberg.
8:41 of 3rd period - Shot Blocked by Jordan Schmaltz.
8:43 of 3rd period - Snap shot by Ian McCoshen.
8:43 of 3rd period - Goal by Ian McCoshen - Griffins : 3 - Punishers : 4.
8:44 of 3rd period - Brendan Woods wins face-off versus Zack Hamill in neutral zone.
9:10 of 3rd period - Sonny Milano is hit by Garret Ross.
9:44 of 3rd period - Slapshot by Phil Oreskovic.
9:44 of 3rd period - Deflect By Ben Hanowski.
9:44 of 3rd period - Shot Misses the Net.
9:44 of 3rd period - Puck is out of play.
9:45 of 3rd period - Brendan Woods wins face-off versus Radek Faksa in Punishers zone.
10:29 of 3rd period - Snap shot by Anton Slepyshev.
10:29 of 3rd period - Shot Misses the Net.
10:32 of 3rd period - Icing by Jordan Schmaltz.
10:33 of 3rd period - Dylan Larkin wins face-off versus Radek Faksa in Punishers zone.
11:02 of 3rd period - Slapshot by Gord Baldwin.
11:02 of 3rd period - Shot Misses the Net.
11:04 of 3rd period - Wrist shot by Nathan Gerbe.
11:04 of 3rd period - Stopped by Louis Domingue with a rebound.
11:06 of 3rd period - Slapshot by Ian McCoshen.
11:06 of 3rd period - Deflect By Nathan Gerbe.
11:06 of 3rd period - Stopped by Louis Domingue without a rebound.
11:07 of 3rd period - Zack Hamill wins face-off versus Dylan Larkin in Punishers zone.
11:39 of 3rd period - Slapshot by Slava Voynov.
11:39 of 3rd period - Deflect By Carter Ashton.
11:39 of 3rd period - Stopped by Igor Shesterkin without a rebound.
11:40 of 3rd period - Andreas Athanasiou wins face-off versus Nathan Gerbe in Griffins zone.
11:41 of 3rd period - Wrist shot by Garret Ross.
11:41 of 3rd period - Deflect By Marko Dano.
11:41 of 3rd period - Shot Misses the Net.
11:41 of 3rd period - Puck is out of play.
11:42 of 3rd period - Zack Hamill wins face-off versus Nathan Gerbe in Griffins zone.
11:43 of 3rd period - Slapshot by Robbie Earl.
11:43 of 3rd period - Shot Misses the Net.
11:45 of 3rd period - Snap shot by Robbie Earl.
11:45 of 3rd period - Shot Misses the Net.
12:35 of 3rd period - Wrist shot by Nikita Gusev.
12:35 of 3rd period - Deflect By Michael Joly.
12:35 of 3rd period - Shot Blocked by Brandon Pirri.
12:35 of 3rd period - Puck is out of play.
12:36 of 3rd period - Zack Hamill wins face-off versus Nathan Gerbe in Griffins zone.
12:41 of 3rd period - Slapshot by Zack Hamill.
12:41 of 3rd period - Deflect By Robbie Earl.
12:41 of 3rd period - Stopped by Igor Shesterkin without a rebound.
12:42 of 3rd period - Zack Hamill wins face-off versus Nathan Gerbe in Griffins zone.
12:43 of 3rd period - Snap shot by Miikka Salomaki.
12:43 of 3rd period - Goal by Miikka Salomaki - Griffins : 3 - Punishers : 5.
12:44 of 3rd period - Dylan Larkin wins face-off versus Zack Hamill in neutral zone.
13:16 of 3rd period - Slapshot by Petter Granberg.
13:16 of 3rd period - Stopped by Louis Domingue with a rebound.
13:33 of 3rd period - Snap shot by Nikita Gusev.
13:33 of 3rd period - Shot Misses the Net.
13:41 of 3rd period - Snap shot by Brandon Pirri.
13:41 of 3rd period - Stopped by Louis Domingue with a rebound.
13:59 of 3rd period - Snap shot by Sonny Milano.
13:59 of 3rd period - Stopped by Louis Domingue with a rebound.
14:01 of 3rd period - Snap shot by Rourke Chartier.
14:01 of 3rd period - Shot Misses the Net.
14:35 of 3rd period - Slapshot by Marko Dano.
14:35 of 3rd period - Goal by Marko Dano - Griffins : 4 - Punishers : 5.
14:36 of 3rd period - Dylan Larkin wins face-off versus Zack Hamill in neutral zone.
15:22 of 3rd period - Haydn Fleury is hit by Slava Voynov.
16:03 of 3rd period - Wrist shot by Robbie Earl.
16:03 of 3rd period - Shot Blocked by Marko Dano.
16:05 of 3rd period - Snap shot by Robbie Earl.
16:05 of 3rd period - Shot Misses the Net.
16:11 of 3rd period - Slapshot by Robbie Earl.
16:11 of 3rd period - Stopped by Igor Shesterkin without a rebound.
16:12 of 3rd period - Dylan Larkin wins face-off versus Zack Hamill in Griffins zone.
16:37 of 3rd period - Marcus Pettersson is hit by Carter Ashton.
16:43 of 3rd period - Snap shot by Tobias Rieder.
16:43 of 3rd period - Shot Blocked by Adam Pelech.
16:45 of 3rd period - Wrist shot by Tobias Rieder.
16:45 of 3rd period - Shot Misses the Net.
16:47 of 3rd period - Slapshot by Haydn Fleury.
16:47 of 3rd period - Shot Misses the Net.
18:21 of 3rd period - Snap shot by Rourke Chartier.
18:21 of 3rd period - Goal by Rourke Chartier - Griffins : 5 - Punishers : 5.
18:22 of 3rd period - Zack Hamill wins face-off versus Brendan Woods in neutral zone.
18:25 of 3rd period - Brendan Woods is hit by Robbie Earl and loses puck.
18:45 of 3rd period - Minor Penalty to Brandon Pirri for Tripping.
18:46 of 3rd period - Robbie Earl wins face-off versus Tye McGinn in Griffins zone.
18:49 of 3rd period - Wrist shot by Miikka Salomaki.
18:49 of 3rd period - Stopped by Igor Shesterkin without a rebound.
18:50 of 3rd period - Zack Hamill wins face-off versus Tye McGinn in Griffins zone.
19:31 of 3rd period - Slapshot by Zack Hamill.
19:31 of 3rd period - Shot Misses the Net.
19:33 of 3rd period - Wrist shot by Zack Hamill.
19:33 of 3rd period - Shot Hit the Post.
19:59 of 3rd period - Wrist shot by Miikka Salomaki.
19:59 of 3rd period - Stopped by Igor Shesterkin without a rebound.
Goals for this period are 3 for Griffins vs 2 for Punishers.
Shots for this period are 17 for Griffins vs 8 for Punishers.
Overtime #1
0:01 of 1st overtime period - Zack Hamill wins face-off versus Brendan Woods in neutral zone.
0:04 of 1st overtime period - Slapshot by Adam Pelech.
0:04 of 1st overtime period - Stopped by Igor Shesterkin with a rebound.
0:45 of 1st overtime period - Penalty to Brandon Pirri is over, Brandon Pirri is back on ice.
1:07 of 1st overtime period - Wrist shot by Brandon Pirri.
1:07 of 1st overtime period - Stopped by Louis Domingue without a rebound.
1:08 of 1st overtime period - Marko Dano wins face-off versus Zack Hamill in Punishers zone.
2:46 of 1st overtime period - John Macfarland is hit by Marcus Pettersson and loses puck.
3:16 of 1st overtime period - Simon Despres is hit by Slava Voynov and loses puck.
3:41 of 1st overtime period - Simon Despres is hit by Alex Schoenborn and loses puck.
3:50 of 1st overtime period - John Macfarland is hit by Nathan Gerbe and loses puck.
Goals for this period are 0 for Griffins vs 0 for Punishers.
Shots for this period are 1 for Griffins vs 1 for Punishers.
ShootOut
5:00 of 1st overtime period - Round #1.
5:00 of 1st overtime period - Griffins, Dylan Larkin.
5:00 of 1st overtime period - Snap shot by Dylan Larkin.
5:00 of 1st overtime period - Stopped by Louis Domingue.
5:00 of 1st overtime period - Punishers, Zack Hamill.
5:00 of 1st overtime period - Snap shot by Zack Hamill.
5:00 of 1st overtime period - Stopped by Igor Shesterkin.
5:00 of 1st overtime period - Round #2.
5:00 of 1st overtime period - Griffins, Nathan Gerbe.
5:00 of 1st overtime period - Deke by Nathan Gerbe.
5:00 of 1st overtime period - Stopped by Louis Domingue.
5:00 of 1st overtime period - Punishers, Robbie Earl.
5:00 of 1st overtime period - Deke by Robbie Earl.
5:00 of 1st overtime period - Goal by Robbie Earl.
5:00 of 1st overtime period - Round #3.
5:00 of 1st overtime period - Griffins, Rourke Chartier.
5:00 of 1st overtime period - Snap shot by Rourke Chartier.
5:00 of 1st overtime period - Stopped by Louis Domingue.
Back to the Top